[Event "Titled Tuesday Blitz March 21 Early 2023"]
[White "Moroni, Luca Jr"]
[Black "Fromm, Marius"]
[WhiteFideId "865834"]
[BlackFideId "12993190"]
[WhiteElo "2569"]
[BlackElo "2325"]
[Result "1/2-1/2"]
[Round "03"]
[TimeControl "180+2"]
[Date "2023.03.21"]
[WhiteClock "0:00:07"]
[BlackClock "0:00:12"]

1. d4 d5 2. Bf4 Nf6 3. e3 e6 4. Nf3 Bd6 5. Nbd2 c5 6. dxc5 Bxc5 7. Bd3 O-O 8. O-O Nbd7 9. h3 Be7 10. Qe2 Nc5 11. Rad1 Qb6 12. Be5 Nxd3 13. Qxd3 Bd7 14. c4 Qa6 15. b3 dxc4 16. Nxc4 Bb5 17. Nfd2 Rfd8 18. Qb1 Nd5 19. a4 Bc6 20. Ne4 b5 21. axb5 Bxb5 22. Rc1 f6 23. Bd4 Rac8 24. f4 Nb4 25. Rfd1 Bxc4 26. bxc4 Rxc4 27. Rxc4 Qxc4 28. Rc1 Qd5 29. Rc7 Rd7 30. Rxa7 Rxa7 31. Bxa7 f5 32. Nf2 Bc5 33. Bxc5 Qxc5 34. Qb3 Nd5 35. Nd1 h6 36. Kh2 Kh7 37. Qd3 Qc1 38. Qe2 Nc3 39. Nxc3 Qxc3 40. Qf3 Qd3 41. Qf2 Qe4 42. g4 e5 43. Kg3 exf4+ 44. Qxf4 Qxf4+ 45. Kxf4 fxg4 46. hxg4 Kg6 47. e4 Kf6 48. e5+ Ke6 49. Ke4 g6 50. Kf4 h5 51. gxh5 gxh5 52. Kg5 Kxe5 53. Kh4 Kf6 54. Kxh5 1/2-1/2


[Site "https://www.chess.com"]

[Event "Titled Tuesday Blitz March 21 Early 2023"]
[White "Dardha, Daniel"]
[Black "Tillyaev, Ulugbek"]
[WhiteFideId "240990"]
[BlackFideId "14202441"]
[WhiteElo "2581"]
[BlackElo "2377"]
[Result "0-1"]
[Round "03"]
[TimeControl "180+2"]
[Date "2023.03.21"]
[WhiteClock "0:00:04"]
[BlackClock "0:00:26"]

1. Nf3 c5 2. e4 g6 3. d4 cxd4 4. Nxd4 Bg7 5. c4 Nc6 6. Be3 Nf6 7. Nc3 Ng4 8. Qxg4 Nxd4 9. Qd1 Ne6 10. Qd2 d6 11. Be2 O-O 12. O-O Nc5 13. f3 Bd7 14. Rab1 a5 15. b3 Bc6 16. Rfd1 f5 17. exf5 Rxf5 18. Bd4 Bxd4+ 19. Qxd4 Ne6 20. Qe3 Re5 21. Qf2 Qf8 22. Re1 Nf4 23. Bf1 Nh3+ 24. gxh3 Rg5+ 25. Bg2 Bxf3 26. Rf1 Bxg2 27. Qxf8+ Rxf8 28. Rxf8+ Kxf8 29. h4 Rg4 30. Kf2 Bc6 31. a3 Rg2+ 32. Ke3 Rxh2 33. b4 axb4 34. axb4 Rh3+ 35. Kd2 Rxh4 36. b5 Be8 37. Kd3 g5 38. Rf1+ Kg7 39. Nd5 Bg6+ 40. Kc3 e6 41. Nc7 Bf7 42. b6 e5 43. Rg1 Rxc4+ 44. Kd3 Rd4+ 45. Ke3 g4 46. Nb5 Rf4 47. Nxd6 Bd5 48. Rd1 Bc6 49. Rc1 g3 50. Nc4 g2 51. Nd2 h5 52. Kd3 h4 53. Nc4 Rf1 54. Nxe5 Rxc1 55. Nf3 Bxf3 56. Kd2 g1=Q 57. Kd3 Qxb6 58. Kd2 Rd1+ 59. Kc3 Qd4+ 60. Kb3 Bd5+ 61. Kc2 Qd2# 0-1


[Site "https://www.chess.com"]

[Event "Titled Tuesday Blitz March 21 Early 2023"]
[White "Taboas Rodriguez, Daniel"]
[Black "Costachi, Mihnea"]
[WhiteFideId "2208466"]
[BlackFideId "1217518"]
[WhiteElo "2365"]
[BlackElo "2456"]
[Result "1-0"]
[Round "03"]
[TimeControl "180+2"]
[Date "2023.03.21"]
[WhiteClock "0:00:52"]
[BlackClock "0:00:09"]

1. d4 Nf6 2. Nf3 g6 3. c4 Bg7 4. Nc3 O-O 5. e4 d6 6. Be2 Na6 7. Bg5 h6 8. Bh4 g5 9. Bg3 Nh5 10. O-O Nxg3 11. hxg3 e5 12. d5 f5 13. Nd2 f4 14. Bg4 Bxg4 15. Qxg4 Qc8 16. Qxc8 Raxc8 17. g4 Nb4 18. f3 Nc2 19. Rac1 Nd4 20. Kf2 Kf7 21. Nb3 Rh8 22. Rh1 Kg6 23. Rcd1 Nxb3 24. axb3 h5 25. gxh5+ Rxh5 26. Rxh5 Kxh5 27. Rh1+ Kg6 28. b4 c6 29. b3 a6 30. Ke2 Bf6 31. Kd3 Rc7 32. dxc6 bxc6 33. Ra1 g4 34. Rxa6 Be7 35. b5 cxb5 36. Nxb5 Rd7 37. Ra7 Rxa7 38. Nxa7 gxf3 39. gxf3 Kf7 40. b4 Ke6 41. b5 Kd7 42. b6 Bd8 43. b7 Bc7 44. c5 Bb8 45. Nc8 dxc5 46. Kc4 Kc6 47. Ne7+ Kd6 48. Ng6 Kc6 49. Nf8 Bd6 50. Ne6 Kxb7 51. Kd5 Be7 52. Nxc5+ Kc7 53. Nd3 Ba3 54. Kxe5 Kd7 55. Nxf4 Bd6+ 56. Kf5 Ba3 57. e5 Ke7 58. Ke4 Bb4 59. Nd5+ Ke6 60. Nxb4 1-0


[Site "https://www.chess.com"]

[Event "Titled Tuesday Blitz March 21 Early 2023"]
[White "Movahed, Sina"]
[Black "Rangel, Daniel"]
[WhiteFideId "42520835"]
[BlackFideId "2124475"]
[WhiteElo "2225"]
[BlackElo "2256"]
[Result "1-0"]
[Round "03"]
[TimeControl "180+2"]
[Date "2023.03.21"]
[WhiteClock "0:00:15"]
[BlackClock "0:00:12"]

1. Nf3 Nf6 2. c4 e6 3. g3 d5 4. Bg2 dxc4 5. O-O Be7 6. Na3 O-O 7. Nxc4 c6 8. d4 a5 9. Qc2 Nbd7 10. Rd1 Nb6 11. Nce5 Nbd7 12. Nd3 Nd5 13. a3 N5f6 14. b3 Nb6 15. Bb2 a4 16. b4 Nbd7 17. Nd2 Re8 18. e4 Bf8 19. Rac1 g6 20. Nc4 Nh5 21. Qe2 Nb6 22. Ne3 Bg7 23. Nc5 Nd7 24. e5 Bh6 25. f4 Nb6 26. Bf3 Ng7 27. Ne4 Nf5 28. Nf6+ Kh8 29. Nxf5 exf5 30. d5 cxd5 31. Nxe8 Qxe8 32. e6+ Bg7 33. Bxg7+ Kxg7 34. Qf2 Qxe6 35. Qd4+ Qf6 36. Qxf6+ Kxf6 37. Bxd5 Nxd5 38. Rxd5 Be6 39. Rd4 b5 40. Rc6 Kg7 41. Rc5 Bc4 42. Kf2 Re8 43. Re5 Rc8 44. Rd7 h5 45. Ke3 h4 46. Kd4 hxg3 47. hxg3 Rh8 48. Re3 Rh1 49. Kc5 Rc1 50. Kb6 Rb1 51. Rde7 Kf6 52. Kc5 Rb2 53. R7e5 Rb1 54. Kb6 Rc1 55. Rc5 Rb1 56. Ka5 Kg7 57. Rxc4 bxc4 58. Kxa4 Rb3 59. Rxb3 cxb3 60. Kxb3 Kf6 61. b5 Ke6 62. a4 Kd6 63. a5 Kc5 64. a6 f6 65. a7 Kb6 66. a8=Q Kxb5 67. Qd5+ Kb6 68. Qf7 1-0


[Site "https://www.chess.com"]

[Event "Titled Tuesday Blitz March 21 Early 2023"]
[White "Avazkhonov, Alikhon"]
[Black "Mitrabha, Guha"]
[WhiteFideId "14208504"]
[BlackFideId "5057000"]
[WhiteElo "1739"]
[BlackElo "2507"]
[Result "0-1"]
[Round "03"]
[TimeControl "180+2"]
[Date "2023.03.21"]
[WhiteClock "0:00:03"]
[BlackClock "0:01:38"]

1. d4 Nf6 2. c4 c5 3. Nc3 cxd4 4. Qxd4 Nc6 5. Qd1 g6 6. Nf3 Bg7 7. g3 O-O 8. Bg2 d6 9. O-O Be6 10. Nd5 Rc8 11. Ng5 Bd7 12. Nxf6+ Bxf6 13. Ne4 Bg7 14. Rb1 Qa5 15. a3 Bf5 16. b4 Qe5 17. Bb2 Qe6 18. Ng5 Qd7 19. Bxg7 Kxg7 20. e4 Be6 21. Rc1 Ne5 22. Nxe6+ Qxe6 23. f4 Nxc4 24. Qd4+ f6 25. Qxa7 b5 26. f5 Qe5 27. Qd7 Rfd8 28. Qb7 Rb8 29. Qd5 Qxd5 30. exd5 Ra8 31. fxg6 hxg6 32. Rf3 Rd7 33. Bf1 Ne5 34. Rb3 Rda7 35. Bxb5 Rxa3 36. Rxa3 Rxa3 37. Be2 Rb3 38. b5 f5 39. Kf2 g5 40. Rc7 Kf6 41. Rb7 f4 42. gxf4 gxf4 43. Ra7 f3 44. Bf1 Ng4+ 45. Kg3 Ne3 46. Ra1 Nxd5 47. Re1 Nb6 48. h4 e5 49. Re4 d5 50. Rg4 e4 51. Rf4+ Ke5 52. h5 Rb1 53. h6 Rxf1 54. h7 Rg1+ 55. Kh2 Kxf4 56. Kh3 Rh1# 0-1


[Site "https://www.chess.com"]

[Event "Titled Tuesday Blitz March 21 Early 2023"]
[White "Nogerbek, Kazybek"]
[Black "Rios Escobar, Adan"]
[WhiteFideId "13710427"]
[BlackFideId "3403645"]
[WhiteElo "2501"]
[BlackElo "2399"]
[Result "1-0"]
[Round "03"]
[TimeControl "180+2"]
[Date "2023.03.21"]
[WhiteClock "0:00:04"]
[BlackClock "0:00:02"]

1. e4 c5 2. Nf3 d6 3. Bb5+ Nd7 4. d4 cxd4 5. Qxd4 a6 6. Be2 e5 7. Qe3 Ngf6 8. O-O b5 9. c4 bxc4 10. Nc3 Be7 11. Nd2 Bb7 12. Nxc4 O-O 13. b4 d5 14. Nxd5 Nxd5 15. exd5 Bxd5 16. a3 Bf6 17. Bb2 Qe7 18. Rfd1 Qe6 19. Na5 Rfc8 20. h3 h6 21. Bg4 Qd6 22. Qd3 Nb6 23. Bxc8 Rxc8 24. Qxa6 Rc2 25. Rab1 Qe6 26. Rxd5 Qxd5 27. Qxb6 Bh4 28. Rf1 Rxb2 29. Qc6 Qd2 30. Qc8+ Bd8 31. Nc6 Kh7 32. Qf5+ Kg8 33. Qc8 Kh7 34. Qxd8 Qc2 35. Qd5 Ra2 36. Nxe5 Rxa3 37. Qxf7 Qe4 38. Ng4 Ra6 39. b5 Rg6 40. Qf3 Qb4 41. Qf5 1-0


[Site "https://www.chess.com"]

[Event "Titled Tuesday Blitz March 21 Early 2023"]
[White "Svane, Frederik"]
[Black "monkins"]
[WhiteFideId "12923044"]
[WhiteElo "2502"]
[BlackElo "2247"]
[Result "1-0"]
[Round "03"]
[TimeControl "180+2"]
[Date "2023.03.21"]
[WhiteClock "0:01:03"]
[BlackClock "0:00:01"]

1. c4 Nf6 2. d3 d5 3. cxd5 Nxd5 4. Nc3 g6 5. g3 Bg7 6. Bd2 O-O 7. Bg2 Nf6 8. Nf3 c5 9. O-O Nc6 10. Rc1 Bd7 11. Be3 b6 12. h3 Rc8 13. d4 cxd4 14. Nxd4 Ne5 15. b3 h6 16. Qd2 Kh7 17. Rfd1 Qe8 18. Bf4 Nc6 19. Ndb5 g5 20. Be3 a6 21. Nd4 Nxd4 22. Bxd4 Bf5 23. Bxb6 Bg6 24. Qe3 e6 25. Bd4 Qe7 26. Na4 Rxc1 27. Rxc1 Rd8 28. Bc5 Qe8 29. Bb6 Nd5 30. Qc5 Nxb6 31. Qxb6 Qb5 32. Bf3 1-0


[Site "https://www.chess.com"]

[Event "Titled Tuesday Blitz March 21 Early 2023"]
[White "Lorenzo De La Riva, Lazaro"]
[Black "Daneshvar, Bardiya"]
[WhiteFideId "2268809"]
[BlackFideId "12576468"]
[WhiteElo "2294"]
[BlackElo "2468"]
[Result "0-1"]
[Round "03"]
[TimeControl "180+2"]
[Date "2023.03.21"]
[WhiteClock "0:00:06"]
[BlackClock "0:01:52"]

1. e4 Nf6 2. e5 Nd5 3. d4 d6 4. f4 Bf5 5. c4 Nb4 6. Na3 e6 7. Nf3 d5 8. c5 a5 9. Bb5+ c6 10. Be2 Nd7 11. O-O b6 12. cxb6 Qxb6 13. Be3 Be7 14. Nd2 Nd3 15. Ndc4 dxc4 16. Nxc4 Nxb2 17. Nxb6 Nxd1 18. Nxa8 Nxe3 19. Rfc1 Nc2 20. Rab1 Ba3 21. Rd1 Nxd4 22. Rb7 Nxe2+ 23. Kf2 O-O 24. Rdxd7 Nxf4 25. Nb6 Nd3+ 26. Kg3 Nc5 27. Rbc7 Nxd7 28. Nxd7 Rd8 29. Kh4 h6 30. g4 Bg6 31. Kg3 c5 32. h4 c4 33. h5 Bd3 34. Nb6 Bc1 35. Nc8 Bg5 0-1


[Site "https://www.chess.com"]

[Event "Titled Tuesday Blitz March 21 Early 2023"]
[White "Turayev, Shahruh"]
[Black "Terry, Renato"]
[WhiteFideId "14003856"]
[BlackFideId "3803457"]
[WhiteElo "2171"]
[BlackElo "2579"]
[Result "0-1"]
[Round "03"]
[TimeControl "180+2"]
[Date "2023.03.21"]
[WhiteClock "0:01:11"]
[BlackClock "0:01:20"]

1. e4 e6 2. Nc3 d5 3. exd5 exd5 4. d4 c6 5. Bd3 Bd6 6. Nge2 Qh4 7. Be3 Nf6 8. Qd2 Ng4 9. O-O-O Nxf2 10. Bxf2 Qxf2 11. g3 Bh3 12. Qg5 Qf6 13. Qxf6 gxf6 14. Nf4 Bxf4+ 15. gxf4 Bd7 16. Rde1+ Kf8 17. Ne2 h5 18. Ng3 h4 19. Nf5 Bxf5 20. Bxf5 Na6 21. Re3 Nc7 22. Rhe1 Re8 23. Bd7 Rxe3 24. Rxe3 Rg8 25. Rh3 Nb5 26. c3 Rg1+ 27. Kc2 Rg2+ 28. Kb3 Nd6 29. Rxh4 Nc4 30. Kb4 Rxb2+ 31. Kc5 Rb5# 0-1


[Site "https://www.chess.com"]

[Event "Titled Tuesday Blitz March 21 Early 2023"]
[White "Starozhilov, Leonid"]
[Black "Zhigalko, Sergei"]
[WhiteFideId "14106752"]
[BlackFideId "13502956"]
[WhiteElo "2402"]
[BlackElo "2626"]
[Result "0-1"]
[Round "03"]
[TimeControl "180+2"]
[Date "2023.03.21"]
[WhiteClock "0:00:04"]
[BlackClock "0:00:30"]

1. e4 c5 2. Nf3 Nc6 3. Bb5 Nf6 4. Bxc6 dxc6 5. d3 Bg4 6. h3 Bh5 7. Nc3 Qc7 8. Be3 Nd7 9. g4 Bg6 10. Nh4 e6 11. f4 Be7 12. Nf3 f6 13. Qe2 O-O-O 14. f5 Bf7 15. fxe6 Bxe6 16. O-O-O Rhe8 17. Kb1 Qa5 18. Bd2 Bd6 19. b3 Qc7 20. Bc1 Nf8 21. Bb2 Bf7 22. h4 Ne6 23. g5 Bh5 24. Qf2 Rf8 25. Qg2 fxg5 26. Nxg5 Nf4 27. Qg1 h6 28. e5 Bxe5 29. Nge4 Bxd1 30. Qxd1 b6 31. Rg1 Rf7 32. Qg4+ Kb7 33. h5 Rdf8 34. a4 Rf5 35. a5 Rxh5 36. axb6 axb6 37. Na4 Bxb2 38. Kxb2 Rg5 39. Nxg5 hxg5 40. Qxg5 Nh3 41. Qxg7 Rf7 42. Qg3 Nxg1 43. Qxg1 Qe5+ 44. Ka2 Rg7 45. Qa1 Qd4 46. Qxd4 cxd4 47. Nb2 b5 48. b4 Rg1 49. Kb3 Kc7 50. c3 dxc3 51. Kxc3 Kd6 52. Kb3 Kd5 53. Kc3 Rh1 54. Kb3 Kd4 55. Kc2 Rh2+ 56. Kb3 Rxb2+ 57. Kxb2 Kxd3 58. Kb3 Kd4 0-1


[Site "https://www.chess.com"]

[Event "Titled Tuesday Blitz March 21 Early 2023"]
[White "Harsha Bharathakoti"]
[Black "Aaditya Dhingra"]
[WhiteFideId "5078776"]
[BlackFideId "25678191"]
[WhiteElo "2481"]
[BlackElo "2083"]
[Result "1-0"]
[Round "03"]
[TimeControl "180+2"]
[Date "2023.03.21"]
[WhiteClock "0:00:25"]
[BlackClock "0:01:14"]

1. c4 e6 2. Nf3 d5 3. e3 Nf6 4. Nc3 c6 5. b3 Nbd7 6. Bb2 Bd6 7. d4 O-O 8. Bd3 b6 9. O-O Bb7 10. Qc2 Rc8 11. Rad1 Qe7 12. Rfe1 c5 13. cxd5 exd5 14. Qb1 a6 15. Bf5 g6 16. dxc5 bxc5 17. Bh3 Rcd8 18. g3 Ne5 19. Nxe5 Bxe5 20. Bg2 Rfe8 21. Na4 Bxb2 22. Qxb2 Bc6 23. Nxc5 Ne4 24. Nxe4 dxe4 25. h4 h5 26. Bf1 a5 27. Qc3 Qb7 28. Rxd8 Rxd8 29. Qxa5 Rd6 30. Rc1 Rf6 31. Qe5 Rf5 32. Qd4 Bb5 33. Qd8+ Kh7 34. Rc8 1-0


[Site "https://www.chess.com"]

[Event "Titled Tuesday Blitz March 21 Early 2023"]
[White "Crevatin, Leo"]
[Black "Aditya Mittal"]
[WhiteFideId "1726307"]
[BlackFideId "35042025"]
[WhiteElo "2190"]
[BlackElo "2396"]
[Result "0-1"]
[Round "03"]
[TimeControl "180+2"]
[Date "2023.03.21"]
[WhiteClock "0:00:02"]
[BlackClock "0:00:17"]

1. e4 c5 2. Nf3 d6 3. d4 cxd4 4. Nxd4 Nf6 5. Nc3 a6 6. Bc4 e6 7. Be3 Nbd7 8. Bb3 Nc5 9. f3 Be7 10. Qd2 Qc7 11. O-O-O b5 12. Kb1 Bd7 13. g4 b4 14. Nce2 a5 15. g5 Nh5 16. Qe1 a4 17. Bc4 Nxe4 18. Bxe6 fxe6 19. fxe4 Qc4 20. Ng3 Nxg3 21. hxg3 e5 22. Nf5 Qxe4 23. Nxd6+ Bxd6 24. Rxd6 b3 25. Rh2 Bf5 26. Ka1 bxc2 27. Qf2 c1=Q+ 0-1


[Site "https://www.chess.com"]

[Event "Titled Tuesday Blitz March 21 Early 2023"]
[White "Albornoz Cabrera, Carlos Daniel"]
[Black "Ingebretsen, Jens E"]
[WhiteFideId "3518736"]
[BlackFideId "1522965"]
[WhiteElo "2501"]
[BlackElo "2213"]
[Result "1-0"]
[Round "03"]
[TimeControl "180+2"]
[Date "2023.03.21"]
[WhiteClock "0:00:45"]
[BlackClock "0:00:07"]

1. Nf3 d5 2. c4 d4 3. b4 Bg4 4. Qb3 g6 5. Ne5 Be6 6. g3 Bg7 7. Nd3 Nd7 8. Bg2 c6 9. O-O Ngf6 10. b5 cxb5 11. Qxb5 O-O 12. Nf4 Bf5 13. d3 Rb8 14. a4 Qc7 15. Ba3 Rfe8 16. Nd2 e5 17. Nd5 Nxd5 18. Bxd5 b6 19. Ne4 Bxe4 20. Bxe4 Nc5 21. Bd5 e4 22. Rfe1 e3 23. f4 h5 24. Rab1 h4 25. Bxc5 bxc5 26. Qa6 hxg3 27. hxg3 g5 28. Kg2 gxf4 29. Rf1 Rxb1 30. Rxb1 Rf8 31. Rf1 fxg3 32. Qg6 Qd7 33. Qh5 a5 34. Rf5 Qe7 35. Qg6 Qc7 36. Rg5 1-0


[Site "https://www.chess.com"]

[Event "Titled Tuesday Blitz March 21 Early 2023"]
[White "Zohid6"]
[Black "Jaskolka, Tomasz"]
[BlackFideId "1170791"]
[WhiteElo "2787"]
[BlackElo "2155"]
[Result "1-0"]
[Round "03"]
[TimeControl "180+2"]
[Date "2023.03.21"]
[WhiteClock "0:02:03"]
[BlackClock "0:00:13"]

1. d4 d5 2. Nc3 Nf6 3. Bf4 c6 4. e3 Bf5 5. f3 h5 6. Bd3 Bxd3 7. cxd3 e6 8. Nge2 Nbd7 9. e4 Be7 10. Qb3 Qb6 11. Qxb6 axb6 12. e5 Nh7 13. Be3 Nhf8 14. Kd2 Ng6 15. Rhb1 Nh4 16. Rg1 c5 17. f4 Nf5 18. Bf2 g6 19. a4 Nb8 20. Nb5 Kd7 21. Rgc1 Na6 22. a5 bxa5 23. dxc5 d4 24. Nd6 Bxd6 25. cxd6 b6 26. Nxd4 Nc5 27. Nxf5 Nb3+ 28. Kd1 Nxc1 29. Rxc1 gxf5 30. Rc7+ Ke8 31. Bxb6 Rg8 32. d7+ Ke7 33. d8=Q+ Kxd8 34. Ra7+ Kc8 35. Rxa8+ Kb7 1-0


[Site "https://www.chess.com"]

[Event "Titled Tuesday Blitz March 21 Early 2023"]
[White "Yuan, Qingyu"]
[Black "Petukhov, Dmitry"]
[WhiteFideId "8609772"]
[BlackFideId "4142748"]
[WhiteElo "2359"]
[BlackElo "2311"]
[Result "0-1"]
[Round "03"]
[TimeControl "180+2"]
[Date "2023.03.21"]
[WhiteClock "0:00:02"]
[BlackClock "0:00:33"]

1. e4 c5 2. Nf3 d6 3. Bb5+ Nc6 4. O-O Bd7 5. Re1 a6 6. Bf1 Bg4 7. c3 e6 8. d4 cxd4 9. cxd4 Bxf3 10. gxf3 d5 11. Nc3 Nf6 12. Be3 Be7 13. Qb3 O-O 14. e5 Nh5 15. f4 Bb4 16. Be2 Qh4 17. Qd1 Nxf4 18. Bf1 f6 19. Bxf4 Qxf4 20. Qc1 Qxc1 21. Raxc1 Nxd4 22. Bg2 Rac8 23. Kf1 fxe5 24. Rxe5 Rf6 25. Rd1 Bc5 26. Rd2 Rcf8 27. a3 Nb3 28. Rde2 Rxf2+ 29. Rxf2 Rxf2+ 30. Kg1 Re2+ 0-1


[Site "https://www.chess.com"]

[Event "Titled Tuesday Blitz March 21 Early 2023"]
[White "Vaglio Munoz, Jaime"]
[Black "Vaishali, Rameshbabu"]
[WhiteFideId "6500145"]
[BlackFideId "5091756"]
[WhiteElo "2199"]
[BlackElo "2410"]
[Result "1-0"]
[Round "03"]
[TimeControl "180+2"]
[Date "2023.03.21"]
[WhiteClock "0:00:41"]
[BlackClock "0:00:02"]

1. Nf3 d5 2. c4 e6 3. b3 Nf6 4. Bb2 c5 5. cxd5 exd5 6. g3 Nc6 7. Bg2 Bd6 8. Nc3 O-O 9. O-O Re8 10. d4 a6 11. dxc5 Bxc5 12. Rc1 Ba7 13. Na4 Qe7 14. Bd4 Nxd4 15. Nxd4 Bg4 16. Re1 h5 17. Qd3 h4 18. Nf5 Qe5 19. Nxh4 Bxe2 20. Qf5 Qxf5 21. Nxf5 Ng4 22. Nc5 Bb5 23. Ne3 Ne5 24. Bxd5 Bxc5 25. Rxc5 Nd3 26. Rec1 Nxc5 27. Rxc5 Rac8 28. Rxc8 Rxc8 29. Bxb7 Rc1+ 30. Kg2 Ra1 31. a4 Bd3 32. Bd5 a5 33. Ng4 Bf1+ 34. Kf3 Kf8 35. Ne5 f6 36. Nc6 Rd1 37. Be4 Bd3 38. Nxa5 Bxe4+ 39. Kxe4 Rh1 40. h4 Re1+ 41. Kd3 Re5 42. Nc4 Rf5 43. f4 g5 44. hxg5 fxg5 45. Ke4 Rc5 46. fxg5 Rxg5 47. Kf4 Rc5 48. a5 Ke7 49. g4 Rb5 50. a6 Rc5 51. a7 Rc8 52. Nb6 Rf8+ 53. Ke5 1-0


[Site "https://www.chess.com"]

[Event "Titled Tuesday Blitz March 21 Early 2023"]
[White "Ronka, Erik"]
[Black "Tanenbaum, Zachary"]
[WhiteFideId "505080"]
[BlackFideId "2060850"]
[WhiteElo "2264"]
[BlackElo "2175"]
[Result "0-1"]
[Round "03"]
[TimeControl "180+2"]
[Date "2023.03.21"]
[WhiteClock "0:00:02"]
[BlackClock "0:00:06"]

1. e4 e5 2. Nf3 Nc6 3. Bb5 a6 4. Ba4 d6 5. O-O Nf6 6. Re1 Be7 7. Bxc6+ bxc6 8. d4 exd4 9. Nxd4 Bd7 10. c4 O-O 11. Nc3 Re8 12. Qf3 Ng4 13. Nf5 Ne5 14. Nxe7+ Qxe7 15. Qe2 Be6 16. b3 Qf6 17. Bb2 Bg4 18. Qe3 Rab8 19. Rab1 Qg6 20. Kh1 f5 21. f3 f4 22. Qxf4 Nd3 23. Qd2 Nxe1 24. fxg4 Nxg2 25. Qxg2 d5 26. cxd5 cxd5 27. Re1 dxe4 28. Rxe4 Rf8 29. h3 Rbd8 30. Qe2 Qh6 31. Re3 Qh4 32. Kg2 Kh8 33. Ne4 Qh6 34. Ng3 Qc6+ 35. Kh2 Qb6 36. Nf5 Rd7 37. Nxg7 Rxg7 38. Bxg7+ Kxg7 39. Re7+ Kg8 40. Qc4+ Kh8 41. Qc3+ Rf6 42. Qxc7 Qf2+ 43. Kh1 Qf1+ 44. Kh2 Qf2+ 45. Kh1 Qf1+ 46. Kh2 Rf2+ 47. Kg3 Rf3+ 48. Kh4 Qxh3+ 49. Kg5 h6+ 50. Kg6 Qxg4+ 51. Kxh6 Rh3# 0-1


[Site "https://www.chess.com"]

[Event "Titled Tuesday Blitz March 21 Early 2023"]
[White "Postny, Evgeny"]
[Black "Kostiukov, Alexandr"]
[WhiteFideId "2804344"]
[BlackFideId "14108100"]
[WhiteElo "2509"]
[BlackElo "2202"]
[Result "1-0"]
[Round "03"]
[TimeControl "180+2"]
[Date "2023.03.21"]
[WhiteClock "0:01:41"]
[BlackClock "0:00:06"]

1. e4 c5 2. Nf3 g6 3. c4 Bg7 4. d4 cxd4 5. Nxd4 Nc6 6. Nc2 Nf6 7. Nc3 O-O 8. Be2 d6 9. Be3 Nd7 10. Qd2 Nc5 11. f3 f5 12. exf5 Bxf5 13. O-O Ne5 14. Nd4 Bd7 15. Rad1 a5 16. Nd5 Rc8 17. b3 Nc6 18. Nb5 b6 19. Bg5 Ne6 20. Nxd6 Nxg5 21. Nxc8 e6 22. Nde7+ Nxe7 23. Nxe7+ Qxe7 24. Qxd7 Qc5+ 25. Kh1 Qe3 26. Qd2 1-0


[Site "https://www.chess.com"]

[Event "Titled Tuesday Blitz March 21 Early 2023"]
[White "Kaufman, Raymond"]
[Black "Volkov, Sergey"]
[WhiteFideId "2015056"]
[BlackFideId "4122763"]
[WhiteElo "2321"]
[BlackElo "2401"]
[Result "1-0"]
[Round "03"]
[TimeControl "180+2"]
[Date "2023.03.21"]
[WhiteClock "0:00:04"]
[BlackClock "0:00:07"]

1. c4 c6 2. g3 d5 3. Bg2 dxc4 4. Qc2 e5 5. Nf3 Nd7 6. Qxc4 Bd6 7. Nc3 Ngf6 8. d3 O-O 9. Ng5 a5 10. O-O Nc5 11. Be3 Qe7 12. Bxc5 Bxc5 13. Nce4 Bd4 14. Nxf6+ Qxf6 15. Ne4 Qe7 16. Rab1 Be6 17. Qa4 b5 18. Qc2 Bxa2 19. Rbc1 Bd5 20. e3 Bb6 21. Nc3 Bxg2 22. Kxg2 a4 23. Ne4 Rfc8 24. Rfd1 h6 25. h4 c5 26. Qe2 Qb7 27. Qf3 Kh8 28. Nd6 Qxf3+ 29. Kxf3 Rcb8 30. Nxf7+ Kg8 31. Nxe5 Rb7 32. d4 cxd4 33. exd4 b4 34. d5 Rf8+ 35. Ke4 Bxf2 36. d6 Bxg3 37. d7 Bxh4 38. Ng6 Rd8 39. Nxh4 Rbxd7 40. Rxd7 Rxd7 41. Ra1 Ra7 42. Nf5 Kh7 43. Nd4 Ra6 44. Nc2 b3 45. Na3 Rg6 46. Rd1 Rg2 47. Rd4 Rxb2 48. Rxa4 Ra2 49. Kd3 g5 50. Kc3 b2 51. Kc2 h5 52. Kb1 Ra1+ 53. Kxb2 Rg1 54. Ra7+ Kg6 55. Nc4 h4 56. Ra8 h3 57. Rh8 g4 58. Kc2 Rg2+ 59. Kd3 Kg5 60. Ne3 Rg1 61. Ke4 Re1 62. Rg8+ Kh4 63. Rxg4+ Kh5 64. Rg3 Kh4 65. Rg4+ Kh5 66. Rg3 Kh4 67. Rg8 h2 68. Rh8+ Kg3 69. Rg8+ Kf2 70. Rg2# 1-0


[Site "https://www.chess.com"]

[Event "Titled Tuesday Blitz March 21 Early 2023"]
[White "sebastianmarinp"]
[Black "Wei, Yi"]
[BlackFideId "8603405"]
[WhiteElo "2284"]
[BlackElo "2686"]
[Result "0-1"]
[Round "03"]
[TimeControl "180+2"]
[Date "2023.03.21"]
[WhiteClock "0:00:05"]
[BlackClock "0:01:01"]

1. e4 g6 2. d4 Bg7 3. Nf3 d6 4. Nc3 a6 5. a4 b6 6. Bc4 e6 7. O-O Bb7 8. Re1 Ne7 9. Bf4 Nd7 10. Qd2 h6 11. Rad1 g5 12. Be3 Nf6 13. Bd3 Ng4 14. h3 Nxe3 15. Qxe3 Ng6 16. Bf1 Qe7 17. g3 f6 18. Bg2 h5 19. d5 e5 20. Nd2 Bh6 21. Qd3 Qd7 22. Nc4 Ne7 23. Ne3 g4 24. hxg4 hxg4 25. Nf5 Bc8 26. Nxe7 Qxe7 27. Qc4 Kf7 28. Rf1 Kg7 29. Rfe1 Bg5 30. Kf1 b5 31. Qe2 b4 32. Nb1 a5 33. Kg1 Qf7 34. Nd2 Qh5 35. Nf1 Ba6 0-1


[Site "https://www.chess.com"]

[Event "Titled Tuesday Blitz March 21 Early 2023"]
[White "Erigaisi Arjun"]
[Black "Koellner, Ruben Gideon"]
[WhiteFideId "35009192"]
[BlackFideId "12993093"]
[WhiteElo "2737"]
[BlackElo "2303"]
[Result "1-0"]
[Round "03"]
[TimeControl "180+2"]
[Date "2023.03.21"]
[WhiteClock "0:00:30"]
[BlackClock "0:00:35"]

1. b3 d6 2. Bb2 e5 3. c4 Nf6 4. g3 Be7 5. Bg2 O-O 6. Nc3 c6 7. d4 Nbd7 8. d5 c5 9. e4 Ne8 10. Nge2 g6 11. h4 Ng7 12. Qd2 f5 13. h5 Nxh5 14. exf5 Bg5 15. Qc2 Qf6 16. g4 Nf4 17. Nxf4 Bxf4 18. Ne4 Qe7 19. fxg6 hxg6 20. Qd3 Nf6 21. Qh3 Qg7 22. Nxf6+ Rxf6 23. Ke2 Bd7 24. Be4 Raf8 25. f3 b5 26. Qh4 g5 27. Qh7+ Qxh7 28. Rxh7 R8f7 29. Rah1 Rxh7 30. Rxh7 Rf7 31. Rh6 bxc4 32. bxc4 Ba4 33. Rxd6 Rb7 34. Bc3 Kf7 35. Ra6 Bd7 36. Kd3 Ke8 37. Bf5 Ke7 38. Bxd7 Kxd7 39. Ke4 Rb1 40. Rxa7+ Kd6 41. Bxe5+ Bxe5 42. Ra6+ Kd7 43. Kxe5 Re1+ 44. Kf5 Rc1 45. Ra4 Rxc4 46. Rxc4 1-0


[Site "https://www.chess.com"]

[Event "Titled Tuesday Blitz March 21 Early 2023"]
[White "Berezin, Viktor"]
[Black "Firouzja, Alireza"]
[WhiteFideId "14107872"]
[BlackFideId "12573981"]
[WhiteElo "2310"]
[BlackElo "2904"]
[Result "0-1"]
[Round "03"]
[TimeControl "180+2"]
[Date "2023.03.21"]
[WhiteClock "0:00:04"]
[BlackClock "0:01:17"]

1. d4 Nf6 2. c4 g6 3. Nf3 Bg7 4. g3 O-O 5. Bg2 d6 6. O-O Nbd7 7. Nc3 e5 8. h3 c6 9. e4 Qb6 10. c5 dxc5 11. dxe5 Ne8 12. e6 fxe6 13. Ng5 Ne5 14. f4 Nf7 15. Nxf7 Bd4+ 16. Kh2 Rxf7 17. e5 Nc7 18. Ne4 Nd5 19. Nd6 Re7 20. Rb1 a5 21. Bd2 Qd8 22. Qf3 b6 23. Bc3 Ba6 24. Rfd1 Bxc3 25. bxc3 c4 26. h4 Qf8 27. Bh3 Kh8 28. Ne4 Rd8 29. Ng5 Bc8 30. Ne4 b5 31. a4 b4 32. Rd4 Nxc3 33. Rxd8 Qxd8 34. Nxc3 Qd2+ 35. Bg2 bxc3 36. Qxc6 Bd7 37. Qc5 Rf7 38. h5 c2 39. Rb8+ Kg7 40. h6+ Kxh6 41. Rf8 Bc6 42. Qxc6 Rxf8 43. Qxe6 c1=Q 44. Qh3+ Kg7 45. Qe6 Qd8 0-1


[Site "https://www.chess.com"]